Map: Kairos Junction LE

Players

Lambo

  • Race: Zerg Zerg
  • Spawn Location: 5:00

DnS - Winner!

  • Race: Protoss Protoss
  • Spawn Location: 11:00

Event: 2019 WCS Summer

VOD

Have the link to the VOD?

Description

Time

  • Played on: July 12, 2019, 3:14 p.m.
  • Length: 8:22

All games in this series

Show
View Real Time Build Order
Export as new Build Order

Lambo Zerg 

Build Orders: Hatch First 

Get SALT Encoding   

  12  0:00  Drone  
  13  0:14  Overlord  
  13  0:18  Drone  
  14  0:32  Drone x2  
  16  0:51  Drone, Hatchery  
  16  0:55  Drone  
  17  0:58  Drone  
  18  1:08  Extractor  
  17  1:13  Spawning Pool  
  17  1:16  Drone  
  17  1:20  Drone  
  18  1:29  Drone  
  19  1:40  Drone  
  20  1:54  Overlord  
  20  2:01  Queen  
  20  2:03  Queen  
  20  2:04  Zergling x2, Drone  
  26  2:13  Zergling x2  
  26  2:14  Metabolic Boost, Drone  
  28  2:24  Drone  
  28  2:27  Drone  
  30  2:37  Hatchery  
  29  2:45  Queen  
  29  2:48  Overlord  
  31  2:51  Zergling x2  
  31  2:54  Zergling x2  
  33  3:00  Zergling x2  
  33  3:03  Drone x2  
  35  3:16  Drone x4  
  35  3:18  Drone x2  
  40  3:23  Queen  
  40  3:25  Drone  
  43  3:29  Overlord  
  43  3:35  Overlord  
  43  3:48  Zergling x4  
  45  3:51  Drone x2  
  45  3:53  Drone x2  
  45  3:55  Drone  
  50  3:56  Drone, Roach Warren  
  50  3:59  Drone x2  
  50  4:01  Zergling x2  
  54  4:02  Drone  
  54  4:05  Drone  
  55  4:12  Drone  
  55  4:13  Overlord  
  55  4:18  Overlord  
  55  4:19  Extractor x2  
  55  4:21  Overlord  
  55  4:23  Overlord  
  53  4:27  Overlord  
  53  4:32  Drone x2  
  53  4:33  Drone  
  53  4:37  Drone x3  
  60  4:38  Drone x3  
  60  4:44  Roach  
  64  4:47  Overlord  
  64  4:49  Roach  
  64  4:52  Roach  
  68  4:57  Zergling x2, Roach x2  
  73  5:01  Overlord  
  73  5:02  Roach  
  73  5:04  Overlord  
  75  5:09  Roach x3  
  75  5:13  Roach  
  75  5:14  Zergling x2, Roach  
  85  5:15  Ravager x2  
  85  5:17  Roach  
  89  5:23  Zergling x6, Roach  
  89  5:27  Overlord  
  93  5:30  Zergling x4, Roach  
  93  5:32  Ravager  
  98  5:36  Zergling x4, Roach  
  102  5:43  Drone x2  
  102  5:44  Drone x2  
  102  5:46  Lair  
  102  5:49  Spore Crawler  
  105  5:50  Roach  
  105  5:55  Overlord  
  106  5:59  Extractor  
  106  6:01  Roach x4  
  112  6:05  Overlord  
  112  6:06  Roach  
  112  6:07  Roach  
  112  6:10  Roach  
  118  6:15  Overlord  
  118  6:18  Roach x2  
  118  6:20  Overlord  
  118  6:23  Roach x2  
  126  6:28  Zergling x2, Roach  
  129  6:35  Zergling x4, Roach  
  129  6:40  Zergling x6, Roach x3  
  129  6:46  Glial Reconstitution  
  137  6:48  Overlord  
  137  6:49  Zergling x2, Roach  
  137  6:53  Overlord  
  140  6:55  Roach  
  140  6:56  Roach  
  140  6:58  Overlord  
  140  7:00  Roach  
  146  7:04  Overlord  
  146  7:07  Roach x2  
  150  7:09  Roach  
  150  7:12  Roach  
  154  7:17  Zergling x2, Roach x2  
  154  7:20  Zergling x4  
  154  7:22  Roach  
  163  7:25  Roach x2  
  164  7:31  Roach x2  
  164  7:33  Roach  
  132  7:40  Zergling x2, Roach x3  
  132  7:43  Roach  
  117  7:48  Roach  
  117  7:50  Zergling x2, Roach  
  98  7:54  Roach  
  98  7:56  Roach  
  86  7:59  Roach  
  86  8:02  Roach  
  86  8:04  Zergling x2  
Show
View Real Time Build Order
Export as new Build Order

DnS Protoss - Winner!

Build Orders: 1 Gate Expand, Archon Immortal 

Get SALT Encoding   

  12  0:00  Probe  
  13  0:12  Probe  
  14  0:18  Pylon  
  14  0:24  Probe  
  15  0:32  Probe  
  15  0:40  Probe, Gateway  
  16  0:49  Assimilator  
  17  0:51  Probe  
  18  1:03  Probe  
  19  1:15  Probe  
  20  1:27  Cybernetics Core  
  20  1:36  Nexus  
  20  1:38  Probe  
  21  1:45  Pylon  
  21  1:51  Probe  
  21  1:53  Assimilator, Adept  
  22  2:03  Probe  
  25  2:14  Adept  
  25  2:15  Probe  
  26  2:18  Robotics Facility  
  26  2:27  Probe  
  29  2:30  Warp Gate  
  29  2:39  Probe  
  29  2:44  Probe  
  30  2:47  Stalker  
  33  2:51  Probe  
  33  2:52  Probe  
  35  3:00  Warp Prism  
  35  3:02  Probe  
  35  3:03  Probe  
  39  3:15  Probe  
  39  3:16  Probe  
  39  3:19  Sentry, Gateway  
  43  3:24  Pylon  
  43  3:27  Probe  
  43  3:29  Probe  
  45  3:39  Probe  
  46  3:42  Probe  
  46  3:43  Immortal  
  51  3:52  Probe  
  51  3:53  Assimilator  
  51  3:54  Probe  
  53  3:55  Assimilator  
  53  4:03  Pylon  
  53  4:06  Probe  
  54  4:15  Immortal, Pylon  
  54  4:21  Probe x2  
  60  4:33  Sentry x2, Pylon, Probe  
  60  4:36  Probe  
  66  4:40  Gateway x2  
  66  4:46  Pylon  
  66  4:48  Probe  
  66  4:52  Immortal  
  67  4:58  Sentry  
  73  5:01  Twilight Council  
  73  5:04  Forge  
  73  5:16  Gateway x2  
  73  5:17  Charge  
  73  5:24  Immortal  
  73  5:32  Protoss Ground Weapons Level 1  
  77  5:42  Zealot x4  
  85  5:45  Pylon  
  85  6:05  Templar Archives, Immortal  
  85  6:08  Gateway  
  85  6:09  Gateway  
  89  6:12  Pylon  
  89  6:26  Pylon  
  89  6:38  Zealot x3  
  89  6:39  Zealot  
  97  6:43  High Templar x2  
  97  6:46  Archon  
  101  6:47  Pylon  
  101  6:49  Pylon  
  101  6:58  Nexus  
  101  7:01  Pylon  
  101  7:02  Zealot  
  101  7:05  High Templar x3  
  101  7:06  Zealot, High Templar  
  112  7:09  Archon  
  112  7:10  Archon  
  112  7:17  Pylon  
  112  7:21  Zealot x2  
  116  7:26  Zealot  
  116  7:27  Zealot  
  96  7:38  Zealot x4  
  96  7:42  Zealot x2  
  74  7:51  Zealot x2  
  74  8:05  Zealot x3  
  74  8:06  Zealot x2  
  74  8:20  Zealot  
  74  8:21  Zealot x2  
Tags
 
Add a new tag
Caveats
  • Supply blocks, unpowered buildings, or Contaminate may cause inaccurate times.
  • Supply counts are checked every 10 seconds.